 Dungeon Crawl Stone Soup version 0.23.0 (webtiles) character file.

Game seed: 16357579744973329788

63 Wot the Slasher (level 3, -3/33 HPs)
             Began as a Minotaur Monk on Feb 19, 2019.
             Was a Believer of Elyvilon.
             Slain by Natasha (5 damage)
             ... on level 2 of the Dungeon.
             The game lasted 00:11:46 (1814 turns).

Wot the Slasher (Minotaur Monk)                     Turns: 1814, Time: 00:11:48

Health: -3/33      AC: 11    Str: 16    XL:     3   Next: 87%
Magic:  2/2        EV:  5    Int:  7    God:    Elyvilon [**....]
Gold:   106        SH:  0    Dex: 12    Spells: 2/2 levels left

rFire    . . .     SeeInvis .   a - +0 falchion
rCold    . . .     Gourm    .   (no shield)
rNeg     . . .     Faith    .   j - +0 plate armour
rPois    .         Spirit   .   (helmet restricted)
rElec    .         Reflect  .   (no cloak)
rCorr    .         Harm     .   i - +0 pair of gloves
MR       .....                  (no boots)
Stlth    ..........             (no amulet)
HPRegen  0.11/turn              (no ring)
MPRegen  0.08/turn              (no ring)

@: slowed, very slow
A: retaliatory headbutt, horns 2
a: Lesser Healing, Heal Other, Divine Protection, Renounce Religion


You were on level 2 of the Dungeon.
You worshipped Elyvilon.
Elyvilon was pleased with you.
You were not hungry.

You visited 1 branch of the dungeon, and saw 2 of its levels.

You collected 106 gold pieces.

Inventory:

Hand Weapons
 a - a +0 falchion (weapon)
Armour
 b - a +0 robe
 i - a +0 pair of gloves (worn)
 j - a +0 plate armour (worn)
Scrolls
 g - a scroll of magic mapping
 h - 2 scrolls of teleportation
 m - a scroll of remove curse
 o - a scroll of identify {unknown}
Potions
 d - 3 potions of curing {unknown}
 e - 2 potions of berserk rage {unknown}
 f - 2 potions of might {unknown}
 k - a potion of haste {unknown}
 l - a potion of agility {unknown}
Comestibles
 c - 3 rations


   Skills:
 + Level 4.2 Fighting
 + Level 4.6 Long Blades
 + Level 1.1 Armour
 + Level 3.7 Dodging
 + Level 1.8 Stealth


You had 2 spell levels left.
You didn't know any spells.
Your spell library was empty.

Dungeon Overview and Level Annotations

Branches:
Dungeon (2/15)

Altars:
Elyvilon

Annotations:
D:2 Natasha


Innate Abilities, Weirdness & Mutations

You reflexively headbutt those who attack you in melee.
You have a pair of horns on your head.


Message History

A bat comes into view.
The bat barely misses you. You furiously retaliate!
You headbutt the bat!
You kill the bat!
Natasha casts a spell.
You see here a bat corpse.
The crimson imp hits you but does no damage.
The crimson imp blinks!
The crimson imp shouts, "Remove thy stench, thou errant moon-mazed cloven-toed!"
You miss the crimson imp.
Natasha mumbles some strange words.
The crimson imp hits you but does no damage.
Natasha claws you.
* * * LOW HITPOINT WARNING * * *
You hit the crimson imp.
The crimson imp is lightly wounded.
The crimson imp disappears in a puff of smoke!
Natasha claws you. Elyvilon protects you from harm! Natasha claws you.
You die...

#.########*,*,***,* #......# ##
#.# *,,,,,,,* ######.# #.#
***,***** #.# #'## *,* #.# ...##
*,* #.# # ....## ***,* ###.# ##
.....## ##.*,* ##.#.# ##[
.†....#**#....##########....###..
......+,,......§@h55†.........'..
......#**#....##########....###†.
.....## ##.*,* ##.#.# ##. ....##
***,* ###.# ## ...## *,* *..# #
#+## *,* *.## *,* **,** #.* *,*
*,*,* *#.***** *,*** **,,*
*,,,**,**


You could see an iron imp, Natasha and a white imp.

Vanquished Creatures
  An adder (D:2)
  2 worms (D:2)
  3 dart slugs
  A leopard gecko (D:1)
  A ball python (D:2)
  3 giant cockroaches (D:1)
  6 goblins
  4 hobgoblins
  3 jackals (D:1)
  A kobold (D:1)
  5 bats
  A frilled lizard (D:1)
  9 rats
40 creatures vanquished.

Notes
Turn   | Place    | Note
-------+----------+-------------------------------------------
     0 | D:1      | Wot the Minotaur Monk began the quest for the Orb.
     0 | D:1      | Reached XP level 1. HP: 19/19 MP: 0/0
   216 | D:1      | Reached XP level 2. HP: 10/27 MP: 1/1
  1222 | D:2      | Reached XP level 3. HP: 33/33 MP: 2/2
  1468 | D:2      | Found a white marble altar of Elyvilon.
  1484 | D:2      | Became a worshipper of Elyvilon the Healer
  1484 | D:2      | Reached * piety under Elyvilon
  1484 | D:2      | Reached ** piety under Elyvilon
  1578 | D:2      | Reached skill level 1 in Armour
  1762 | D:2      | Noticed Natasha
  1814 | D:2      | Elyvilon protects you from harm!
  1814 | D:2      | Slain by Natasha

Skill      XL: |  1  2  3 |
---------------+----------+-----
Long Blades    | 4 |  4.6
Fighting       | 4 |  4.2
Armour         | 1 |  1.1
Dodging        | |  3.7
Stealth        | |  1.8

Action                   || total
-------------------------++-------
Melee: Falchion          ||   102
       Headbutt          ||    12
Invok: Divine Protection ||     1
       Lesser Healing    ||     1
  Use: Scroll            ||     6
  Eat: Ration            ||     1
Armor: Robe              ||     4
       Plate armour      ||    73
Dodge: Dodged            ||    35
       Rpst.: Falchion   ||    15
